 Dungeon Crawl Stone Soup version 0.19.1-1-g22dce08 (webtiles) character file.

19169 markt42 the Basher (level 12, 0/109 HPs)
             Began as a Gargoyle Fighter on Jan 2, 2017.
             Was the Champion of Okawaru.
             Slain by a naga warrior
             ... wielding a +0 halberd
              (6 damage)
             ... on level 2 of the Lair of Beasts.
             The game lasted 00:23:50 (12856 turns).

markt42 the Basher (Gargoyle Fighter)              Turns: 12856, Time: 00:23:51

Health: 0/109      AC: 26    Str: 24    XL:     12   Next: 66%
Magic:  12/12      EV: -1    Int:  9    God:    Okawaru [******]
Gold:   604        SH:  2    Dex: 10    Spells: 0 memorised, 11 levels left

rFire  . . .     SeeInvis .     I - +4 executioner's axe (chop)
rCold  . . .     Gourm    .     (armour currently unavailable)
rNeg   + + +     Faith    .     (shield currently unavailable)
rPois  ∞         Spirit   .     (helmet currently unavailable)
rElec  .         Reflect  +     (cloak currently unavailable)
rCorr  .         Harm     .     (gloves currently unavailable)
MR     .....     NoTele   +     (boots currently unavailable)
Stlth  ++........               v - +2 amulet of reflection
                                h - +1 ring of evasion
                                o - ring of stealth

@: tree-form, constricted
A: (horns 0), (icy blue scales 0), (slimy green scales 0), negative energy
resistance 1, (electricity resistance), wild magic 1, (unbreathing), evolution
1, petrification resistance, rot immunity, AC +8
a: Heroism, Finesse, Renounce Religion


You were on level 2 of the Lair of Beasts.
You worshipped Okawaru.
Okawaru was exalted by your worship.
You were very hungry.
You were a tree.
You visited 3 branches of the dungeon, and saw 12 of its levels.
You also visited: Ossuary.

You collected 604 gold pieces.

Inventory:

Hand Weapons
 c - a +3 flail of protection
 I - a +4 executioner's axe of chopping (weapon)
Armour
 u - a +0 helmet
 y - a +1 cloak of magic resistance (melded)
 z - a +0 large shield
 C - a +1 plate armour (melded)
Jewellery
 e - an uncursed ring of flight
 h - a +1 ring of evasion (right branch)
 o - a ring of stealth (left branch)
 v - a +2 amulet of reflection (around neck)
Wands
 q - a wand of polymorph (10/24)
 r - a wand of digging (5/24)
 w - a wand of disintegration (11/24)
 B - a wand of iceblast (11/15)
 F - a wand of teleportation (3/9)
 H - a wand of polymorph (18/24)
Scrolls
 a - 4 scrolls of fear
 d - 7 scrolls of teleportation
 k - 10 scrolls of identify
 p - a scroll of enchant weapon
 x - 2 scrolls of amnesia
 E - 3 scrolls of remove curse
Potions
 b - 2 potions of cancellation
 i - 2 potions of cure mutation
 m - a potion of brilliance
 s - a potion of agility
 t - 2 potions of flight
 A - a potion of lignification
 D - 2 potions of magic
Comestibles
 f - 5 bread rations
 j - 7 fruits
 l - a slice of pizza
 n - 4 beef jerkies
 G - a meat ration


   Skills:
 + Level 7.8 Fighting
 * Level 3.6(9.5) Axes
 + Level 14.2(14.4) Maces & Flails
 + Level 7.9 Armour
 + Level 1.9 Dodging
 + Level 11.4 Shields


You had 11 spell levels left.
You didn't know any spells.

Dungeon Overview and Level Annotations

Branches:
Dungeon (9/15)             Temple (1/1) D:5            Lair (2/6) D:9
  Snake (0/4) Lair:2          Orc (0/2) D:9
  Swamp: Lair:2-4    Shoals: Lair:2-4

Altars:
Ashenzari
Cheibriados
Dithmenos
Elyvilon
Fedhas
Gozag
Hepliaklqana
Kikubaaqudgha
Makhleb
Nemelex Xobeh
Okawaru
Qazlal
Ru
Sif Muna
Trog
Uskayaw
Vehumet
Xom
Yredelemnul
Zin
The Shining One
Beogh

Shops:
D:6 :


Innate Abilities, Weirdness & Mutations

You are resistant to torment.
((Your stone body is resilient. (AC +8)))
You are immune to poison.
You resist negative energy. (rN+)
((You are resistant to electric shocks. (rElec)))
((You can survive without breathing.))
You are immune to petrification.
You are immune to rotting.
((You have a pair of horns on your head.))
((You are partially covered in icy blue scales. (AC +2)))
((You are partially covered in slimy green scales. (AC +2)))
Your spells are a little harder to cast, but a little more powerful.
You evolve.


Message History

The blink frog hits you but does no damage.
The blink frog hits you!
* * * LOW HITPOINT WARNING * * *
The blink frog blinks!
You feel better.
The blink frog hits you but does no damage.
The naga warrior hits you with a halberd!
* * * LOW HITPOINT WARNING * * *
The naga warrior constricts you. The blink frog hits you.
* * * LOW HITPOINT WARNING * * *
The blink frog blinks!
Okay, then.
Okay, then.
You turn into a tree.
Your +1 cloak of magic resistance melds into your body.
Your +1 plate armour melds into your body.
You feel less resistant to hostile enchantments.
Your roots penetrate the ground.
The naga warrior hits you but does no damage.
You die...

.### #######
.#.###.#.#..#
............
......<.. . ###
#F...... .. #
##..###.....###..#
#
+.....#..†........
## #....
#...FP..... .#.
#....##.♣<.......
.P.
#.....+.N§.P.....
..(
#....#.....#.....
...#
#.....+........#+
..##
..#..#!............
....
.P.#.P+.#..........
....
...................
.....
..................
.......
..................
.......


You could see a naga warrior and 2 blink frogs.

Vanquished Creatures
  Fannar (Lair:1)
  A hydra (Lair:1)
  Erica (D:9)
  Urug (Lair:2)
  The ghost of Sagrath01 the Destroyer, a novice DrCj of Vehumet (D:9)
  A black mamba (Lair:2)
  A torpor snail (Lair:2)
  4 spiny frogs
  A rime drake (Lair:1)
  5 komodo dragons
  A troll (D:9)
  A two-headed ogre (D:8)
  3 blink frogs
  A hornet (D:7)
  A human (D:7)
  2 basilisks
  2 steam dragons
  22 yaks
  3 hungry ghosts
  3 nagas (Lair:2)
  3 vampire mosquitoes (D:9)
  Duvessa (D:7)
  3 porcupines (Lair:1)
  4 water moccasins
  9 orc warriors
  2 ice beasts
  A black bear (D:8)
  7 sky beasts
  A phantom (D:8)
  The ghost of Yoshimo the Charmwright, an amateur DgSk (D:4)
  4 ogres
  4 centaurs
  A crocodile (D:9)
  A big kobold (D:8)
  9 bullfrogs
  Dowan (D:7)
  A wyvern skeleton (D:7)
  13 scorpions
  2 electric eels (Lair:1)
  A howler monkey (D:5)
  A crimson imp (D:8)
  A bullfrog zombie (D:7)
  A centaur zombie (D:5)
  A quasit (D:9)
  3 human zombies (Ossuary)
  4 hounds
  2 jellies
  A bullfrog skeleton (D:5)
  2 orc priests
  6 orc wizards
  8 worker ants
  Terence (D:2)
  7 iguanas
  3 big kobold zombies (Ossuary)
  3 mummies (Ossuary)
  Robin (D:2)
  9 gnolls
  13 adders
  3 scorpion zombies (Ossuary)
  A shadow imp (D:9)
  2 oozes
  3 adder skeletons
  An adder zombie (D:8)
  2 worms
  3 dart slugs
  5 leopard geckos
  62 orcs
  3 bats
  4 giant cockroaches
  A gnoll zombie (Ossuary)
  16 goblins
  13 hobgoblins
  7 jackals
  2 quokkas
  6 ball pythons
  5 frilled lizards
  A giant cockroach zombie (D:6)
  3 hobgoblin zombies (Ossuary)
  A jackal skeleton (D:7)
  A jackal zombie (D:6)
  6 kobolds
  6 kobold zombies
  A leopard gecko skeleton (D:7)
  An orc zombie (Ossuary)
  A quokka skeleton (D:8)
  A quokka zombie (D:6)
  3 rats
356 creatures vanquished.

Notes
Turn   | Place    | Note
-------+----------+-------------------------------------------
     0 | D:1      | markt42 the Gargoyle Fighter began the quest for the Orb.
     0 | D:1      | Reached XP level 1. HP: 14/14 MP: 1/1
   214 | D:1      | Reached XP level 2. HP: 16/19 MP: 2/2
   466 | D:1      | Reached XP level 3. HP: 10/23 MP: 3/3
   908 | D:1      | Reached skill level 3 in Maces & Flails
  1160 | D:2      | Noticed Terence
  1187 | D:2      | Killed Terence
  1187 | D:2      | Reached XP level 4. HP: 23/29 MP: 4/4
  1318 | D:2      | Noticed Robin
  1326 | D:2      | Killed Robin
  1384 | D:2      | Reached XP level 5. HP: 33/33 MP: 5/5
  1801 | D:3      | Reached skill level 4 in Maces & Flails
  2762 | D:4      | Noticed Yoshimo's ghost (amateur DgSk)
  2781 | D:4      | Killed Yoshimo's ghost
  2781 | D:4      | Reached skill level 5 in Maces & Flails
  2781 | D:4      | Reached XP level 6. HP: 32/38 MP: 6/6
  3442 | D:4      | Reached XP level 7. HP: 43/43 MP: 7/7
  3739 | D:5      | Entered Level 5 of the Dungeon
  3748 | D:5      | Reached skill level 1 in Dodging
  3748 | D:5      | Reached skill level 5 in Shields
  3881 | D:5      | Reached skill level 6 in Maces & Flails
  3951 | D:5      | Reached XP level 8. HP: 48/48 MP: 8/8
  4060 | D:5      | Found a staircase to the Ecumenical Temple.
  4223 | D:5      | Reached skill level 7 in Maces & Flails
  4266 | Temple   | Entered the Ecumenical Temple
  4318 | Temple   | Became a worshipper of Warmaster Okawaru
  4930 | D:6      | Reached skill level 8 in Maces & Flails
  5022 | D:6      | Found Torphegh's Book Boutique.
  5080 | D:6      | Reached skill level 5 in Armour
  5080 | D:6      | Reached XP level 9. HP: 50/53 MP: 9/9
  5093 | D:6      | Reached skill level 5 in Fighting
  5244 | D:6      | Found a runed door.
  5546 | D:6      | Reached * piety under Okawaru
  5546 | D:6      | Reached skill level 9 in Maces & Flails
  5893 | D:5      | HP: 2/54 [something/puff of flame (7)]
  6345 | D:6      | Gained mutation: You evolve. [potion of beneficial mutation]
  6394 | D:6      | Found a roughly hewn altar of Beogh.
  6603 | D:7      | Noticed Duvessa
  6603 | D:7      | Noticed Dowan
  6618 | D:7      | Killed Duvessa
  6626 | D:7      | Killed Dowan
  6810 | D:7      | Found a runed door.
  6815 | D:7      | Found a basalt altar of Yredelemnul.
  6838 | D:7      | Reached ** piety under Okawaru
  6838 | D:7      | Reached skill level 10 in Maces & Flails
  6869 | D:7      | Found a sand-covered staircase.
  6869 | D:7      | Noticed a hornet
  6877 | Ossuary  | Entered an ossuary
  6997 | Ossuary  | Reached XP level 10. HP: 58/60 MP: 10/10
  7463 | D:8      | Reached skill level 11 in Maces & Flails
  7577 | D:8      | Reached *** piety under Okawaru
  7825 | D:8      | Gained mutation: You have a pair of small horns on your head. [evolution]
  8129 | D:9      | Noticed Sagrath01's ghost (novice DrCj)
  8152 | D:9      | Killed Sagrath01's ghost
  8152 | D:9      | Reached **** piety under Okawaru
  8626 | D:9      | Reached skill level 12 in Maces & Flails
  8666 | D:9      | Noticed Erica
  8709 | D:9      | Killed Erica
  8709 | D:9      | Reached ***** piety under Okawaru
  8709 | D:9      | Reached XP level 11. HP: 12/65 MP: 11/11
  9125 | D:8      | Gained mutation: You have a pair of horns on your head. [mutagenic meat]
  9126 | D:8      | Lost mutation: You have a pair of horns on your head. [mutagenic meat]
  9127 | D:8      | Gained mutation: You are partially covered in slimy green scales. (AC +2) [mutagenic meat]
  9128 | D:8      | Gained mutation: You are partially covered in icy blue scales. (AC +2) [mutagenic meat]
  9659 | D:9      | Received a gift from Okawaru
  9705 | D:9      | Found a staircase to the Orcish Mines.
  9859 | D:9      | Gained mutation: You have a pair of horns on your head. [evolution]
  9884 | D:9      | Reached skill level 10 in Shields
  9964 | D:9      | Found a staircase to the Lair.
 10158 | D:9      | Reached skill level 13 in Maces & Flails
 10436 | Lair:1   | Entered Level 1 of the Lair of Beasts
 10471 | Lair:1   | Noticed Fannar
 10474 | Lair:1   | Noticed a six-headed hydra
 10496 | Lair:1   | Killed a six-headed hydra
 10915 | Lair:1   | Killed Fannar
 11163 | Lair:1   | Reached XP level 12. HP: 65/72 MP: 12/12
 11243 | Lair:1   | Reached ****** piety under Okawaru
 11253 | Lair:1   | Received a gift from Okawaru
 11279 | Lair:1   | Reached skill level 14 in Maces & Flails
 11959 | Lair:2   | Noticed Urug
 11968 | Lair:2   | Killed Urug
 11968 | Lair:2   | Received a gift from Okawaru
 12010 | Lair:2   | Found a staircase to the Snake Pit.
 12164 | Lair:2   | Reached skill level 1 in Axes
 12464 | Lair:2   | Noticed a naga warrior
 12837 | Lair:2   | Gained mutation: Your spells are a little harder to cast, but a little more powerful. [evolution]
 12856 | Lair:2   | Slain by a naga warrior

Skill      XL: |  1  2  3  4  5  6  7  8  9 10 11 12 |
---------------+-------------------------------------+-----
Maces & Flails | 3 5 6 8 10 12 13 14 | 14.2
Armour         | 4 5 6 7 |  7.9
Shields        | 4 5 6 7 9 10 11 | 11.4
Fighting       | 4 5 6 7 |  7.8
Dodging        | 1 |  1.9
Axes           | 3 |  3.6

Action                   |  1- 3 |  4- 6 |  7- 9 | 10-12 || total
-------------------------+-------+-------+-------+-------++-------
Melee: Flail             |   155 |   270 |   589 |   780 ||  1794
       Headbutt          |       |       |       |   128 ||   128
       Executioner's axe |       |       |       |    75 ||    75
 Abil: Evoke Flight      |     1 |       |       |       ||     1
Evoke: Wand              |       |       |       |     5 ||     5
  Use: Potion            |       |     1 |     9 |    12 ||    22
       Scroll            |       |       |    11 |     7 ||    18
  Eat: Chunk             |     1 |     8 |    12 |    17 ||    38
       Meat ration       |       |       |       |     2 ||     2
       Fruit             |       |       |       |     1 ||     1
       Royal jelly       |       |       |       |     1 ||     1
Armor: Chain mail        |    78 |   133 |   175 |       ||   386
       Scale mail        |     4 |       |       |       ||     4
       Plate armour      |       |       |    69 |   426 ||   495
       Skin              |       |       |       |     1 ||     1
Dodge: Dodged            |    34 |    51 |    55 |   146 ||   286
Block: Shield            |    77 |   159 |       |       ||   236
       Reflection        |       |     2 |     2 |    11 ||    15
       Large shield      |       |    10 |   478 |   655 ||  1143
       Other             |       |       |       |    14 ||    14
